 Dungeon Crawl Stone Soup version 0.20-a0-738-gb057e68 (webtiles) character file.

114 nono the Vexing (level 4, -1/22 HPs)
             Began as a Vine Stalker Arcane Marksman on Feb 23, 2017.
             Slain by a scorpion (2 damage)
             ... on level 4 of the Dungeon.
             The game lasted 00:06:56 (2949 turns).

nono the Vexing (Vine Stalker Arcane Marksman)      Turns: 2949, Time: 00:06:57

Health: -1/22      AC:  8    Str: 13    XL:     4   Next: 97%
Magic:  0/6        EV:  6    Int: 13    God:
Gold:   137        SH:  0    Dex: 15    Spells: 2/5 levels left

rFire    . . .     SeeInvis .   n - -3 short sword (curse)
rCold    . . .     Gourm    .   z - +0 chain mail
rNeg     . . .     Faith    .   (no shield)
rPois    .         Spirit   +   (no helmet)
rElec    .         Reflect  .   (no cloak)
rCorr    .         Harm     .   (no gloves)
MR       .....                  (no boots)
Stlth    ..........             (no amulet)
Regen    0.5/turn               (no ring)
MPRegen  0.1/turn               (no ring)

@: lethally poisoned (-1 -> -4)
A: fangs 2, regeneration 1, magic shield, antimagic bite, no potion heal 3, rot
immunity
a: no special abilities


You were on level 4 of the Dungeon.
You were not hungry.

You visited 1 branch of the dungeon, and saw 4 of its levels.

You collected 137 gold pieces.

Inventory:

Hand Weapons
 e - a +0 hand axe
 n - a cursed -3 short sword (weapon)
Missiles
 c - 8 javelins (quivered)
 h - 69 stones
Armour
 a - a +0 robe
 q - a +0 ring mail
 z - a +0 chain mail (worn)
Jewellery
 t - an uncursed ring of ice
Wands
 v - a wand of confusion (18/48)
Scrolls
 m - a scroll of amnesia
 r - 2 scrolls of fog
 y - 2 scrolls of remove curse {unknown}
 A - 3 scrolls of identify
Potions
 g - a potion of haste
 i - 3 potions of curing
 k - 2 potions of heal wounds {unknown}
 o - 2 potions of magic {unknown}
 p - 2 potions of brilliance {unknown}
 s - 2 potions of mutation {unknown}
 w - a potion of cancellation {unknown}
Books
 b - a book of Debilitation

   Spells                             Type                      Level
   a - Corona                         Hexes                        1
   b - Slow                           Hexes                        2
   c - Inner Flame                    Hexes/Fire                   3
   d - Portal Projectile              Hexes/Translocation          3
   e - Cause Fear                     Hexes                        4
   f - Leda's Liquefaction            Hexes/Earth                  4
Comestibles
 f - a bread ration
 j - a meat ration
 l - 3 royal jellies
 x - 4 fruits


   Skills:
 - Level 1.2 Fighting
 + Level 2.1 Short Blades
 - Level 1.9 Throwing
 - Level 1.9 Dodging
 + Level 3.0 Stealth
 - Level 1.1 Spellcasting
 - Level 3.4 Hexes


You had 2 spell levels left.
You knew the following spells:

 Your Spells              Type           Power        Failure   Level  Hunger
a - Corona                Hex            #......      100%        1    ##.....
b - Slow                  Hex            #.......     100%        2    ###....


Dungeon Overview and Level Annotations

Branches:
Dungeon (4/15)
 Temple: D:4-7

Altars:

Annotations:
D:3 nono's ghost, amateur VSAM


Innate Abilities, Weirdness & Mutations

You have extremely sharp teeth.
Your natural rate of healing is unusually fast.
When hurt, damage is shared between your health and your magic reserves.
Your bite disrupts and absorbs the magic of your enemies.
Potions cannot restore your health.
You are immune to rotting.


Message History

The javelin closely misses the scorpion.
The scorpion stings you.
You are more poisoned.
The scorpion poisons you! The scorpion stings you.
Throwing (i - inventory. (,) - cycle):
c - 10 javelins (quivered)
Press: ? - help, Shift-Dir - straight line, f/p - scorpion
Aim: a scorpion (heavily wounded)
You throw a javelin. The javelin hits the scorpion.
The scorpion is severely wounded.
You feel sick. The scorpion stings you.
* * * LOW HITPOINT WARNING * * *
Throwing (i - inventory. (,) - cycle):
c - 9 javelins (quivered)
Press: ? - help, Shift-Dir - straight line, f/p - scorpion
Aim: a scorpion (severely wounded)
You throw a javelin.
The javelin hits the scorpion but does no damage.
The scorpion is severely wounded.
* * * LOW HITPOINT WARNING * * *
You feel sick. The scorpion stings you.
You die...

#....
#############
.
#......######
..
#......'....#
...
#......####.#
.... #......#
#.# .....####
#......# #.#
#...(s.#
#......# #.#
#@# #......#
#.# #.#
#......# #..
#.# #......#
###
#.########'##
#..........#
############


You could see a scorpion.

Vanquished Creatures
  A jelly (D:3)
  2 adders
  A worm (D:2)
  3 dart slugs
  An orc (D:3)
  2 giant cockroaches
  9 hobgoblins
  A quokka (D:3)
  4 bats
  6 frilled lizards
  9 goblins
  8 kobolds
  9 rats
56 creatures vanquished.

Notes
Turn   | Place    | Note
-------+----------+-------------------------------------------
     0 | D:1      | nono the Vine Stalker Arcane Marksman began the quest for the Orb.
     0 | D:1      | Reached XP level 1. HP: 9/9 MP: 3/3
   366 | D:1      | Reached skill level 1 in Fighting
   366 | D:1      | Reached XP level 2. HP: 12/14 MP: 4/4
   941 | D:1      | Learned a level 2 spell: Slow
  1124 | D:1      | Reached XP level 3. HP: 9/18 MP: 5/5
  1505 | D:1      | Reached skill level 1 in Stealth
  1841 | D:2      | Reached skill level 1 in Short Blades
  2400 | D:2      | Gained mutation: Your natural rate of healing is unusually fast. [Vine Stalker growth]
  2400 | D:2      | Reached XP level 4. HP: 22/22 MP: 6/6
  2849 | D:3      | Noticed nono's ghost (amateur VSAM)
  2949 | D:4      | HP: 1/22 [poisoned by a scorpion]
  2949 | D:4      | Slain by a scorpion

Vault maps used:
D:1:      evilmike_arrival_crescent
D:4:      tgw_sif

Skill      XL: |  1  2  3  4 |
---------------+-------------+-----
Fighting       | 1 |  1.2
Stealth        | 1 3 |  3.0
Short Blades   | 1 2 |  2.1
Throwing       | |  1.9
Dodging        | |  1.9
Spellcasting   | |  1.1
Hexes          | |  3.4

Action                   |  1- 3 |  4- 6 || total
-------------------------+-------+-------++-------
Melee: Hand axe          |    17 |       ||    17
       Unarmed           |     4 |       ||     4
       Bite              |    42 |    17 ||    59
       Short sword       |   164 |    53 ||   217
Throw: Javelin           |    15 |    26 ||    41
       Stone             |     7 |     1 ||     8
       Throwing net      |       |     2 ||     2
 Cast: Corona            |     1 |       ||     1
       Slow              |     1 |       ||     1
  Use: Scroll            |     7 |       ||     7
  Eat: Chunk             |     5 |     2 ||     7
Armor: Robe              |    10 |       ||    10
       Ring mail         |    30 |    12 ||    42
       Chain mail        |       |    18 ||    18
Dodge: Dodged            |   108 |    32 ||   140
